 Dungeon Crawl Stone Soup version 0.31-a0-1522-g43313d8a59 (webtiles) character file.

Game seed: 17144790378460347684

58 AstroCodex24 the Covered (level 3, 0/31 HPs)
             Began as a Demigod Fighter on Dec 31, 2023.
             Slain by a gnoll
             ... wielding a +0 flail
              (12 damage)
             ... on level 2 of the Dungeon.
             The game lasted 00:02:20 (365 turns).

AstroCodex24 the Covered (Demigod Fighter)           Turns: 365, Time: 00:02:21

Health: 0/31       AC:  6    Str: 21    XL:     3   Next: 52%
Magic:  5/5        EV:  9    Int: 10    God:
Gold:   17         SH:  9    Dex: 13    Spells: 2/2 levels left

rFire   . . .        a - +0 war axe
rCold   . . .        c - +0 buckler
rNeg    . . .        b - +0 scale mail
rPois   +            (no helmet)
rElec   .            (no cloak)
rCorr   .            (no gloves)
SInv    .            (no boots)
Will    .....        i - amulet of reflection Stlth
                     g - ring of poison resistance
HPRegen 0.25/turn    (no ring)
MPRegen 0.09/turn

%: reflection
@: no status effects
A: high MP 1, forlorn, divine attributes
a: no special abilities


You were on level 2 of the Dungeon.
You visited 1 branch of the dungeon, and saw 2 of its levels.

You collected 17 gold pieces.

Inventory:

Hand Weapons
 a - a +0 war axe (weapon)
Armour
 b - a +0 scale mail (worn)
 c - a +0 buckler (worn)
Jewellery
 g - a ring of poison resistance (left hand)
 i - an amulet of reflection (around neck)
Scrolls
 h - a scroll of vulnerability {unknown}
 j - 2 scrolls of fog {unknown}
 l - a scroll of acquirement {unknown}
 m - a scroll of teleportation {unknown}
Potions
 d - a potion of might
 e - 2 potions of curing
 f - a potion of brilliance {unknown}
 k - a potion of cancellation {unknown}


   Skills:
 + Level 3.1 Fighting
 + Level 2.4 Axes
 + Level 3.3 Armour
 + Level 0.1 Dodging
 + Level 3.0 Shields


You had 2 spell levels left.
You didn't know any spells.
Your spell library was empty.

Dungeon Overview and Level Annotations

Branches:
Dungeon (2/15)


Innate Abilities, Weirdness & Mutations

You have an increased reservoir of magic. (+10% MP)
You shall have no god before yourself.
Your divine heritage dramatically boosts your attributes as you level up.


Message History

A kobold comes into view. It is wielding a +0 whip.
The kobold shouts!
Found a scroll labelled TANOEQ VUYNIO.
The kobold throws a stone.
The stone hits you but does no damage. You block the kobold's attack.
You block the kobold's attack.
You closely miss the kobold. You block the kobold's attack. x2
You slash the kobold!
You kill the kobold!
Things that are here:
a +0 whip; 2 stones
Found a scroll labelled ASYASAQODI.
l - a scroll labelled TANOEQ VUYNIO
m - a scroll labelled ASYASAQODI 3 gnolls come into view.
A gnoll is wielding a +0 flail and quivering a throwing net.
The gnoll shouts! x2; You hear a shout!
A gnoll comes into view.
It is wielding a +0 flail of protection.
You slash the gnoll!
The gnoll is severely wounded.
The gnoll hits you but does no damage. The gnoll barely misses you.
You barely miss the gnoll.
The gnoll is severely wounded.
The gnoll hits you with a +0 club.
You completely miss the gnoll.
The gnoll is severely wounded.
The gnoll throws a throwing net.
The throwing net completely misses you. The gnoll hits you with a +0 flail.
The gnoll hits you with a +0 club.
You hit the gnoll.
The gnoll is lightly wounded.
You closely miss the gnoll. The gnoll completely misses you.
You block the gnoll's attack. x2; The gnoll hits you with a +0 flail.
You slash the gnoll!
You kill the gnoll!
You barely miss the gnoll. The gnoll closely misses you.
Your Shields skill increases to level 3!
You closely miss the gnoll. You barely miss the gnoll.
You block the gnoll's attack. The gnoll hits you with a +0 flail.
The gnoll hits you with a +0 flail!
You die...

####...##
#.#
###8##...#
#.##
#........##
#..#
#........8#
###.#
#........##
##...#
#.#8###8##
##.....
#.### ##
#......
#g########
#......
#(@gg.....
#......
##########
##.....
#...%.
#........
###......
#......
##.....
##...#
##.##


You could see 3 gnolls.

Vanquished Creatures
  Jessica (D:2)
  A gnoll (D:2)
  A dart slug (D:1)
  A ribbon worm (D:2)
  An endoplasm (D:2)
  A giant cockroach (D:2)
  2 goblins
  2 hobgoblins
  A jackal (D:2)
  A quokka (D:2)
  2 ball pythons (D:2)
  A frilled lizard (D:2)
  2 kobolds (D:2)
  3 rats
20 creatures vanquished.

Notes
Turn   | Place    | Note
-------+----------+-------------------------------------------
     0 | D:1      | AstroCodex24 the Demigod Fighter began the quest for the
                  | Orb.
     0 | D:1      | Reached XP level 1. HP: 18/18 MP: 3/3
   216 | D:2      | Reached XP level 2. HP: 25/25 MP: 4/4
   236 | D:2      | Noticed Jessica
   260 | D:2      | Killed Jessica
   261 | D:2      | Reached XP level 3. HP: 26/31 MP: 5/5
   365 | D:2      | Slain by a gnoll

Illustrated notes

Levels and vault maps discovered:
D:1:      dpeg_arrival_round_b, layout_basic, skrybe_limestone_x
D:2:      layout_rooms, corexii_hall_statues_s, chequers_serial_rivers_micro_c,
          uniq_jessica

Skill      XL: |  1  2  3 |
---------------+----------+-----
Armour         | 3 |  3.3
Fighting       | 3 |  3.1
Axes           | 2 |  2.4
Shields        | 3 |  3.0
Dodging        | |  0.1

Action                     || total
---------------------------++-------
  Melee: War axe           ||    55
    Use: Potion            ||     1
 Armour: Scale mail        ||    45
  Dodge: Dodged            ||    28
  Block: Buckler           ||    33

Table legend: (Time is in decaauts)
 A = Elapsed time spent in this place.
 B = Non-inter-level travel time spent in this place.
 C = Inter-level travel time spent in this place.
 D = Time resting spent in this place.
 E = Time spent auto-exploring this place.
 F = Levels seen in this place.
 G = Mean time per level.
                   A        B        C        D        E       F      G
               +--------+--------+--------+--------+--------+-----+--------+
         Total |    387 |    387 |      0 |      0 |      0 |   2 |  193.5 |
       Dungeon |    387 |    387 |      0 |      0 |      0 |   2 |  193.5 |
               +--------+--------+--------+--------+--------+-----+--------+

Top non-repeatable levels by time:
     D:2: 194 daAuts
     D:1: 193 daAuts
